cohdb
Replays
Latest Replays
All Replays
Popular Replays
Top Player Replays
Match Explorer
How It Works
Community
CoH3 Stats
Reddit
Sign in to upload your games and track your stats! →
Sign in with Steam
Match 44245870
Unlisted
Match 44245870
Overview
Messages
Build Orders
End
Royal Engineer Section
Construct Section Command Post
Dingo Light Scout Car
Infantry Section
Infantry Section
Grenade Package
Infantry Section
Construct Platoon Command Post
Selects Heavy Armor Battlegroup
Selects Rigorous Vehicle Training
Selects Light Vehicle Withdraw and Refit
6-pounder Anti-tank Gun Team
Light Vehicle Withdraw and Refit
Infantry Training
6-pounder Anti-tank Gun Team
Construct Company Command Post
Selects UNKNOWN (202330)
Crusader AA Medium Tank
Crusader AA Medium Tank
Selects Forward Repair Assembly
Foot Guards Section
Crusader II Medium Tank
Selects Recon Artillery
Unlock Towed 17-pounder Anti-tank Guns
17-pounder Anti-tank Gun Team
Recon Artillery
CMP 15cwt Truck
Foot Guards Section
Sihubergen
Thmln
bigcheese
DooWop
0
0
Comments
sign in to comment!
No comments posted yet!